 Dungeon Crawl Stone Soup version 0.19.1 (webtiles) character file.

90 Host24 the Bolt Thrower (level 4, 0/30 HPs)
             Began as a Kobold Hunter on Dec 31, 2016.
             Killed from afar by Sigmund (6 damage)
             ... with a puff of flame
             ... on level 3 of the Dungeon.
             The game lasted 00:03:06 (2397 turns).

Host24 the Bolt Thrower (Kobold Hunter)             Turns: 2397, Time: 00:03:07

Health: 0/30       AC:  4    Str:  9    XL:     4   Next: 85%
Magic:  4/4        EV: 15    Int: 12    God:
Gold:   154        SH:  0    Dex: 16    Spells: 0 memorised, 3 levels left

rFire  . . .     SeeInvis .     a - +1 hand crossbow
rCold  . . .     Gourm    .     c - +0 leather armour
rNeg   . . .     Faith    .     (shield restricted)
rPois  .         Spirit   .     (no helmet)
rElec  .         Reflect  .     (no cloak)
rCorr  .         Harm     .     k - +0 pair of gloves (curse)
MR     .....                    (no boots)
Stlth  +.........               (no amulet)
                                (no ring)
                                (no ring)

@: confused
A: carnivore 3
a: no special abilities


You were on level 3 of the Dungeon.
You were very full.

You visited 1 branch of the dungeon, and saw 3 of its levels.

You collected 154 gold pieces.

Inventory:

Hand Weapons
 a - a +1 hand crossbow (weapon)
 b - a +0 short sword
Missiles
 d - 36 bolts (quivered)
 m - 12 stones
 p - 6 exploding tomahawks
Armour
 c - a +0 leather armour (worn)
 k - a cursed +0 pair of gloves (worn)
Jewellery
 s - an uncursed ring of see invisible {unknown}
 u - a +3 ring of strength {unknown}
 v - an uncursed ring of stealth {unknown}
Wands
 y - a wand of lightning (8/15)
Scrolls
 g - a scroll of enchant weapon {unknown}
 h - a scroll of magic mapping {unknown}
 l - a scroll of amnesia {unknown}
 n - 2 scrolls of recharging {unknown}
 o - 2 scrolls of teleportation {unknown}
 t - 3 scrolls of identify {unknown}
 w - a scroll of enchant armour {unknown}
 A - a scroll of fog {unknown}
 B - 2 scrolls of random uselessness {unknown}
 D - 3 scrolls of noise {unknown}
 E - a scroll of fear {unknown}
Potions
 e - a potion of degeneration {unknown}
 i - a potion of curing {unknown}
 j - 2 potions of heal wounds {unknown}
 q - a potion of mutation {unknown}
 x - a potion of magic {unknown}
 z - a potion of agility {unknown}
 C - a potion of invisibility {unknown}
Comestibles
 f - a meat ration
 r - a beef jerky


   Skills:
 + Level 4.3 Fighting
 - Level 5.1 Crossbows
 - Level 3.2 Dodging
 - Level 1.3 Stealth


You had 3 spell levels left.
You didn't know any spells.

Dungeon Overview and Level Annotations

Branches:
Dungeon (3/15)

Altars:

Annotations:
D:3 1 runed door, Purgy, Sigmund


Innate Abilities, Weirdness & Mutations

You are small and have problems with some larger weapons.
You are carnivorous and can eat meat at any time.


Message History

You shoot a bolt.
You hear a zap.
A puff of flame appears from out of thin air!
The puff of flame hits you!
Firing (i - inventory. (,) - cycle):
d - 39 bolts (quivered)
Press: ? - help, Shift-Dir - straight line You shoot a bolt.
Firing (i - inventory. (,) - cycle):
d - 38 bolts (quivered)
Press: ? - help, Shift-Dir - straight line You shoot a bolt.
You hear a zap.
A puff of flame appears from out of thin air!
The puff of flame hits you!
* * * LOW HITPOINT WARNING * * *
Firing (i - inventory. (,) - cycle):
d - 37 bolts (quivered)
Press: ? - help, Shift-Dir - straight line You shoot a bolt.
A puff of flame appears from out of thin air!
The puff of flame hits you!
You die...

#. #..# ... ##.###.#
##...# #..##.# ......
##.##.# .....#
######..#.# .....#
........#.# T.o..#
#######...#####.#
.....#
###########.........#
..%..#
#(.....@.....>#####.#
#..<# #.#########.###
...?.........{(...
#.#
##.#.#####.#.#####
#.# #.#.# #.#.# #.# #
#.# #.# # #.# #.# #.#
#.# #.. ... #.# ###
#.#


There were no monsters in sight!

Vanquished Creatures
  5 adders
  2 worms (D:2)
  3 dart slugs (D:1)
  4 goblins
  7 hobgoblins
  2 kobolds (D:1)
  6 bats
  3 frilled lizards
  4 rats
36 creatures vanquished.

Notes
Turn   | Place    | Note
-------+----------+-------------------------------------------
     0 | D:1      | Host24 the Kobold Hunter began the quest for the Orb.
     0 | D:1      | Reached XP level 1. HP: 12/12 MP: 1/1
    42 | D:1      | Reached XP level 2. HP: 18/18 MP: 2/2
   570 | D:1      | Reached XP level 3. HP: 20/23 MP: 3/3
  1597 | D:2      | Reached skill level 5 in Crossbows
  1597 | D:2      | Reached XP level 4. HP: 28/28 MP: 4/4
  2066 | D:3      | Noticed Purgy
  2291 | D:3      | Found a runed door.
  2384 | D:3      | Noticed Sigmund
  2397 | D:3      | Killed from afar by Sigmund

Skill      XL: |  1  2  3  4 |
---------------+-------------+-----
Fighting       | 3 4 |  4.3
Dodging        | 3 |  3.2
Crossbows      | 5 |  5.1
Stealth        | |  1.3

Action                   |  1- 3 |  4- 6 || total
-------------------------+-------+-------++-------
Melee: Short sword       |    99 |    29 ||   128
 Fire: Hand crossbow     |    18 |     7 ||    25
 Stab: Sleeping          |     2 |     1 ||     3
  Eat: Chunk             |    10 |     2 ||    12
Armor: Leather armour    |    20 |     3 ||    23
Dodge: Dodged            |    91 |    21 ||   112
